 Dungeon Crawl Stone Soup version 0.27.1-34-g3ba077fa99 (webtiles) character file.

Game seed: 17027750203503257614

1890 sankara the Martial Artist (level 8, 0/71 HPs)
             Began as a Minotaur Monk on Jan 22, 2022.
             Slain by an orc warrior (19 damage)
             ... on level 6 of the Dungeon.
             The game lasted 00:14:36 (8067 turns).

sankara the Martial Artist (Minotaur Monk)          Turns: 8067, Time: 00:14:36

Health: 0/71       AC:  6    Str: 15    XL:     8   Next: 92%
Magic:  7/7        EV: 16    Int: 13    God:
Gold:   255        SH:  0    Dex: 22    Spells: 7/7 levels left

rFire    . . .     SeeInvis .     - Unarmed
rCold    . . .     Faith    .   (no shield)
rNeg     . . .     Spirit   .   v - +0 steam dragon scales
rPois    .         Reflect  .   e - +0 hat
rElec    .         Harm     .   (no cloak)
rCorr    .         Rampage  .   (no gloves)
Will     .....                  (no boots)
Stlth    ++........             (no amulet)
HPRegen  0.21/turn              g - +6 ring of intelligence
MPRegen  0.10/turn              t - +6 ring of dexterity

@: studying Air Magic
A: horns 2, retaliatory headbutt
a: no special abilities


You were on level 6 of the Dungeon.
You visited 1 branch of the dungeon, and saw 6 of its levels.

You collected 255 gold pieces.

Inventory:

Missiles
 a - 81 stones (quivered)
 l - 4 boomerangs
 r - 16 sling bullets
Armour
 c - a +0 scale mail
 e - a +0 hat (worn)
 f - a +1 leather armour of cold resistance
 v - +0 steam dragon scales (worn)
 y - a +0 scale mail of positive energy
Jewellery
 g - a +6 ring of intelligence (left hand)
 m - a ring of fire
 t - a +6 ring of dexterity (right hand)
Wands
 h - a wand of polymorph (5)
 n - a wand of flame (27)
Scrolls
 d - a scroll of acquirement
 k - a scroll of summoning
 o - a scroll of teleportation {unknown}
 u - a scroll of amnesia {unknown}
 w - a scroll of identify
Potions
 b - 2 potions of heal wounds
 i - a potion of lignification
 j - a potion of degeneration {unknown}
 p - a potion of brilliance
 q - a potion of curing {unknown}
 s - a potion of flight {unknown}
 x - a potion of berserk rage {unknown}


   Skills:
 + Level 6.5 Fighting
 + Level 3.1 Throwing
 + Level 5.9 Armour
 + Level 6.3 Dodging
 - Level 1.5 Stealth
 * Level 8.5 Unarmed Combat


You had 7 spell levels left.
You didn't know any spells.
Your spell library was empty.

Dungeon Overview and Level Annotations

Branches:
Dungeon (6/15)
 Temple: D:4-7

Altars:
Dithmenos
Hepliaklqana
Kikubaaqudgha

Shops:
D:2 *:   D:3 *

Annotations:
D:5 1 runed translucent door, mistymad's ghost, amateur DgIE


Innate Abilities, Weirdness & Mutations

You have a pair of horns on your head.
You reflexively headbutt those who attack you in melee.


Message History

The orc warrior misses you.
Things that are here:
a +0 hand axe; an orc corpse You punch the orc priest!
The orc priest is severely wounded.
You punch the orc priest!
You kill the orc priest!
The orc warrior hits you but does no damage.
The orc misses you. Something completely misses you.
Something barely misses you. The orc warrior barely misses you.
You furiously retaliate!
You headbutt the orc warrior.
You hit the orc warrior but do no damage.
You headbutt the orc warrior, but do no damage.
The orc warrior is lightly wounded.
You completely miss the orc warrior.
The orc warrior is lightly wounded.
The orc warrior misses you. You furiously retaliate!
You headbutt the orc warrior, but do no damage.
You hit the orc warrior but do no damage.
The orc warrior is lightly wounded.
The orc warrior completely misses you.
You completely miss the orc warrior.
The orc warrior is lightly wounded.
The orc warrior hits you with a +2 vorpal battleaxe!
You closely miss the orc warrior. Your headbutt misses the orc warrior.
The orc warrior is lightly wounded.
The orc warrior hits you with a +2 vorpal battleaxe!
You punch the orc warrior!
The orc warrior is moderately wounded.
The orc warrior hits you with a +2 vorpal battleaxe.
You hit the orc warrior.
You headbutt the orc warrior, but do no damage.
The orc warrior is moderately wounded.
You hit the orc warrior but do no damage.
The orc warrior is moderately wounded.
The orc warrior hits you with a +2 vorpal battleaxe!!
* * * LOW HITPOINT WARNING * * *
The orc warrior hits you with a +2 vorpal battleaxe!!
You die...

#.... +....
#....#####
#........#
#.......#
#....[..#
####...<######
.....).).....#
############@##
#o.# ##o#
#+##### #{#
#........
#.###........
#..##........
##.##........
#..#........
##.#........


You could see an orc warrior and an orc.

Vanquished Creatures
  Sigmund (D:5)
  A steam dragon (D:5)
  Duvessa (D:6)
  A centaur (D:5)
  A necrophage (D:4)
  3 ogres
  A gnoll sergeant (D:5)
  A scorpion (D:5)
  Dowan (D:6)
  A water moccasin zombie (D:5)
  A centaur zombie (D:5)
  2 bullfrog zombies
  A jelly (D:5)
  An orc priest (D:6)
  2 bullfrog skeletons
  2 hounds (D:5)
  2 gnoll shamans (D:5)
  Natasha (thrice) (D:2)
  3 iguanas (D:5)
  2 orc wizards (D:4)
  10 gnolls
  8 adders
  An ufetubus (D:5)
  An adder skeleton (D:2)
  2 worms (D:3)
  5 dart slugs
  15 orcs
  10 bats
  3 endoplasms
  3 giant cockroaches
  6 goblins
  11 hobgoblins
  6 jackals
  7 kobolds
  6 quokkas
  7 ball pythons
  5 frilled lizards
  A jackal skeleton (D:4)
  6 rats
  A spectral goblin (D:2)
  A spectral hobgoblin (D:3)
146 creatures vanquished.

Vanquished Creatures (others)
  A gnoll (D:5)
1 creature vanquished.

Grand Total: 147 creatures vanquished

Notes
Turn   | Place    | Note
-------+----------+-------------------------------------------
     0 | D:1      | sankara the Minotaur Monk began the quest for the Orb.
     0 | D:1      | Reached XP level 1. HP: 19/19 MP: 0/0
    99 | D:1      | Reached XP level 2. HP: 21/27 MP: 1/1
   304 | D:1      | Reached skill level 1 in Armour
   866 | D:2      | Reached XP level 3. HP: 33/33 MP: 2/2
   934 | D:2      | Noticed Natasha
   942 | D:2      | Killed Natasha
   943 | D:2      | Reached skill level 4 in Unarmed Combat
  1042 | D:2      | Reached XP level 4. HP: 36/40 MP: 3/3
  1137 | D:2      | Noticed Natasha
  1149 | D:2      | Killed Natasha
  1399 | D:2      | Noticed Natasha
  1405 | D:2      | Killed Natasha
  1455 | D:2      | Found a faded altar of an unknown god.
  1678 | D:2      | Reached XP level 5. HP: 47/47 MP: 4/4
  1744 | D:2      | Found Yciemul's Book Emporium.
  1884 | D:2      | Found Xomawnudiann's Assorted Antiques.
  2056 | D:2      | Identified 2 scrolls of acquirement
  2056 | D:2      | Acquired a manual of Air Magic
  2112 | D:3      | Found a shadowy altar of Dithmenos.
  2554 | D:3      | Found Tylaesk's General Store.
  2710 | D:3      | Found a hazy altar of Hepliaklqana.
  3041 | D:3      | Reached skill level 5 in Unarmed Combat
  4052 | D:4      | Noticed an ogre
  4053 | D:4      | Noticed an ogre
  4239 | D:4      | Reached XP level 6. HP: 40/55 MP: 5/5
  4735 | D:4      | Reached skill level 5 in Fighting
  4864 | D:4      | Reached skill level 6 in Unarmed Combat
  5454 | D:5      | Entered Level 5 of the Dungeon
  5466 | D:5      | Reached skill level 5 in Dodging
  5466 | D:5      | Reached XP level 7. HP: 50/61 MP: 6/6
  5557 | D:5      | Found an ancient bone altar of Kikubaaqudgha.
  6034 | D:5      | Reached skill level 1 in Throwing
  6316 | D:5      | Reached skill level 7 in Unarmed Combat
  6392 | D:5      | Found a runed translucent door.
  6393 | D:5      | Noticed mistymad's ghost (amateur DgIE)
  6443 | D:5      | Reached XP level 8. HP: 37/69 MP: 7/7
  6476 | D:5      | HP: 3/70 [gnoll (7)]
  6813 | D:5      | Reached skill level 5 in Armour
  7035 | D:5      | Noticed Sigmund
  7592 | D:5      | Killed Sigmund
  7593 | D:5      | Reached skill level 8 in Unarmed Combat
  7889 | D:6      | Noticed Duvessa
  7889 | D:6      | Noticed Dowan
  7912 | D:6      | Killed Duvessa
  7914 | D:6      | Killed Dowan
  8067 | D:6      | Slain by an orc warrior

Illustrated notes

Levels and vault maps discovered:
D:1:      matt_arrival_refuge, layout_basic
D:2:      layout_loops_corners, serial_shops, shop_statue,
          nicolae_shop_behind_doors, dreamdust_ecumenical_altar_drowned_temple,
          minmay_misc_feat_rows, minmay_misc_feat_encased, kennysheep_path_1,
          uniq_natasha
D:3:      layout_basic, nicolae_hepliaklqana_monster_ancestors,
          nicolae_dithmenos_through_a_glass_darkly, serial_shops, shop
D:4:      layout_loops_corners
D:5:      layout_cave_pools, amcnicky_altar_gilded,
          ebering_ghost_reflecting_pool, grunt_ministairs_6, minmay_circle_x,
          uniq_sigmund
D:6:      layout_basic, minmay_temple_entry_grid, minmay_ruffians, uniq_duvessa

Skill      XL: |  1  2  3  4  5  6  7  8 |
---------------+-------------------------+-----
Armour         | 1 2 3 4 5 |  5.9
Fighting       | 4 5 6 |  6.5
Unarmed Combat | 4 5 6 7 8 |  8.5
Dodging        | 4 5 6 |  6.3
Throwing       | 1 3 |  3.1
Stealth        | |  1.5

Action                   |  1- 3 |  4- 6 |  7- 9 || total
-------------------------+-------+-------+-------++-------
Melee: Unarmed           |    60 |   204 |   178 ||   442
       Headbutt          |    12 |    41 |    54 ||   107
       Punch             |     3 |     2 |     9 ||    14
  Use: Scroll            |       |     8 |       ||     8
 Stab: Sleeping          |     1 |       |     1 ||     2
       Distracted        |       |     1 |       ||     1
Armor: Leather armour    |     6 |       |       ||     6
       Scale mail        |    14 |    67 |    38 ||   119
       Steam dragon scal |       |       |     2 ||     2
Dodge: Dodged            |    30 |    87 |   126 ||   243
